 Dungeon Crawl Stone Soup version 0.20-a0-553-g9f38e11 (webtiles) character file.

77 Rhoefr the Ruffian (level 4, 0/31 HPs)
             Began as an Octopode Fighter on Feb 3, 2017.
             Was an Initiate of the Shining One.
             Slain by a white imp (4 damage)
             ... summoned by drasked's ghost
             ... on level 3 of the Dungeon.
             The game lasted 00:04:51 (1147 turns).

Rhoefr the Ruffian (Octopode Fighter)               Turns: 1147, Time: 00:04:52

Health: 0/31       AC:  1    Str: 20    XL:     4   Next: 33%
Magic:  4/4        EV: 11    Int: 10    God:    the Shining One [......]
Gold:   82         SH:  9    Dex: 12    Spells: 3/3 levels left

rFire    . . .     SeeInvis .     - Unarmed
rCold    . . .     Gourm    .   a - +0 shield
rNeg     . . .     Faith    .   (helmet restricted)
rPois    .         Spirit   .   (no amulet)
rElec    .         Reflect  .   (no ring)
rCorr    .         Harm     .   (no ring)
MR       .....                  (no ring)
Stlth    ++........             (no ring)
Regen    0.1/turn               (no ring)
                                (no ring)
                                (no ring)
                                (no ring)

@: mighty, glowing
A: almost no armour, stealthy swim, amphibious, 8 rings, constrict 8, camouflage
1, gelatinous body 1
a: Renounce Religion


You were on level 3 of the Dungeon.
You worshipped the Shining One.
The Shining One was noncommittal.
You were not hungry.

You visited 1 branch of the dungeon, and saw 3 of its levels.

You collected 82 gold pieces.

Inventory:

Missiles
 i - 88 stones (quivered)
Armour
 a - a +0 shield (worn)
Jewellery
 m - an uncursed amulet of regeneration {unknown}
Scrolls
 e - a scroll of blinking {unknown}
 g - a scroll of magic mapping {unknown}
 h - 2 scrolls of identify
Potions
 f - a potion of flight
Comestibles
 c - 2 bread rations
 d - 4 fruits
 j - 4 meat rations
 l - 2 chunks of flesh


   Skills:
 - Level 3.0 Fighting
 - Level 3.0 Dodging
 + Level 3.5 Stealth
 - Level 3.0 Shields
 * Level 3.5 Unarmed Combat


You had 3 spell levels left.
You didn't know any spells.

Dungeon Overview and Level Annotations

Branches:
Dungeon (3/15)

Altars:
The Shining One

Annotations:
D:3 drasked's ghost, amateur SpWz


Innate Abilities, Weirdness & Mutations

You cannot wear most types of armour.
You are very stealthy in the water. (Stealth+)
You are amphibious.
You can wear up to eight rings at the same time.
You can use your tentacles to constrict eight enemies at once.
Your skin changes colour to match your surroundings (Stealth+).
Your rubbery body absorbs attacks. (AC +1, EV +1)


Message History

Drasked's ghost casts a spell at you. The magic dart hits you!
The white imp gestures at you. The puff of frost hits you!
* * * LOW HITPOINT WARNING * * *
You take 16 damage, and have 9/31 hp.
MASSIVE DAMAGE!!
You miss drasked's ghost.
Drasked's ghost is moderately damaged.
Drasked's ghost closely misses you. The crimson imp hits you.
* * * LOW HITPOINT WARNING * * *
You block the white imp's attack.
You take 1 damage, and have 8/31 hp.
As you read the scroll labeled FOESEA JUOK, it crumbles to dust.
You feel blessed for a moment.
It was a scroll of remove curse.
Drasked's ghost hits you.
* * * LOW HITPOINT WARNING * * *
The crimson imp blinks!
The white imp hits you.
* * * LOW HITPOINT WARNING * * *
The white imp freezes you.
You die...

..... #. ...
#.###.. #......###
#...# ... #..###.#
#####....#†# #
#........<.###.#
#.W@.....[...#.##.#
#.5.§..............
#......(.......###.
#(.........#.......
#..................
#.......##...##.###
#.......#8...8#.#
#..5....##...## #
#.......##...#


You could see drasked's ghost, a crimson imp and a white imp.

Vanquished Creatures
  2 adders (D:2)
  2 worms
  2 dart slugs (D:2)
  2 leopard geckos
  A ball python (D:3)
  3 giant cockroaches
  2 goblins
  6 hobgoblins
  4 jackals (D:2)
  5 kobolds
  6 bats
  3 frilled lizards
  9 rats
47 creatures vanquished.

Notes
Turn   | Place    | Note
-------+----------+-------------------------------------------
     0 | D:1      | Rhoefr the Octopode Fighter began the quest for the Orb.
     0 | D:1      | Reached XP level 1. HP: 16/16 MP: 1/1
    16 | D:1      | Reached skill level 1 in Stealth
   126 | D:1      | Reached XP level 2. HP: 21/21 MP: 2/2
   394 | D:2      | Reached XP level 3. HP: 18/26 MP: 3/3
   771 | D:2      | Reached XP level 4. HP: 28/31 MP: 4/4
   893 | D:2      | Found a glowing golden altar of the Shining One.
  1038 | D:2      | Became a worshipper of the Shining One
  1128 | D:3      | Noticed drasked's ghost (amateur SpWz)
  1147 | D:3      | Slain by a white imp

Vault maps used:
D:1:      dpeg_arrival_stonehenge_8_columns, minmay_octomino_j4
D:2:      nicolae_tso_carved_into_rock
D:3:      zin_purify, serial_corexii_hall, corexii_hall_statues_deadend,
          corexii_hall_statues_i, corexii_hall_statues_l,
          corexii_hall_statues_t, first_bread, fedhas_altar_2, uniq_robin,
          uniq_grinder

Skill      XL: |  1  2  3 |
---------------+----------+-----
Stealth        | 1 2 3 |  3.5
Unarmed Combat | 3 |  3.5
Fighting       | |  3.0
Dodging        | |  3.0
Shields        | |  3.0

Action                   |  1- 3 |  4- 6 || total
-------------------------+-------+-------++-------
Melee: Unarmed           |    71 |    26 ||    97
       Constrict         |    26 |     3 ||    29
       Tentacles         |    19 |     2 ||    21
       Punch             |     2 |       ||     2
Throw: Stone             |     1 |       ||     1
  Use: Scroll            |       |     2 ||     2
       Potion            |       |     1 ||     1
 Stab: Sleeping          |    11 |     1 ||    12
  Eat: Chunk             |       |     1 ||     1
Armor: Skin              |     4 |       ||     4
Dodge: Dodged            |    21 |     7 ||    28
Block: Shield            |    21 |    12 ||    33
